AoeStats
← {WaZzU'P} Recluta4!

Arena

508980635Analyzed
4v4 RM · 7d ago on Sep 24, 2026· 47m 48s· 8 players
Game mode
Random Map
Map size
Large (8 player)
Population
200
Speed
Normal
Resources
Standard
Victory
Conquest
Starting age
Dark Age
Ending age
Imperial Age
RankedLock teamsTeams togetherTeam positionsShared explorationLock speedFull tech treeHidden civsTurbo modeCheats
Victory
Defeat
🇲🇽 Turks · Mexico
1298
+15
🇺🇸 Saxons · United States
1273
+16
🇺🇸 Lithuanians · United States
1251
+17
🇨🇭 Maya · Switzerland
1221
+18
🇧🇷 Bengalis · Brazil
1348
-21
🇳🇱 Dravidians · Netherlands
1293
-17
🇪🇸 Spanish · Spain
1270
-16
🇸🇮 Varangians · Slovenia
1159
-12
Koatlistak
11:01 Feudal Age
10:04 Loom
15:00 Castle Age
14:09 Double-Bit Axe
14:44 Gold Mining
16:11 Bow Saw
19:58 Town Watch
21:12 Wheelbarrow
21:18 Padded Archer Armor
24:45 Leather Archer Armor
29:35 Stone Mining
30:00 Fletching
32:21 Gold Shaft Mining
36:38 Horse Collar
41:17 Imperial Age
40:58 Bodkin Arrow
41:34 Hand Cart
41:27 Elite Janissary
43:12 Conscription
43:50 Hoardings
45:36 Guilds
alexisjcw
6:42 Loom
8:44 Feudal Age
10:26 Fletching
10:24 Double-Bit Axe
10:59 Stone Mining
12:01 Horse Collar
23:26 Castle Age
21:50 Gold Mining
24:46 Scale Mail Armor
24:56 Forging
26:01 Chain Mail Armor
25:43 Bodkin Arrow
27:54 Gold Shaft Mining
28:18 Iron Casting
28:29 Bow Saw
29:56 Squires
29:41 Arson
38:01 Wheelbarrow
41:38 Heavy Plow
44:23 Imperial Age
42:11 Town Watch
43:55 Clerical Recruitment
46:00 Conscription
45:03 Shield Wall
46:20 Hoardings
45:33 Heavy Scorpion
47:19 Chemistry
46:54 Ballistics
47:56 Two-Man Saw
47:34 Hand Cart
47:20 Town Patrol
47:18 Onager
{WaZzU'P} GranPolo
0:33 Loom
11:38 Feudal Age
15:58 Castle Age
15:10 Horse Collar
16:01 Forging
15:44 Double-Bit Axe
18:39 Wheelbarrow
20:24 Heavy Plow
22:44 Bow Saw
25:13 Hand Cart
25:20 Gold Mining
25:20 Stone Mining
26:55 Stone Shaft Mining
28:28 Town Watch
29:01 Fletching
29:12 Padded Archer Armor
29:36 Town Patrol
32:36 Imperial Age
30:10 Bodkin Arrow
30:56 Leather Archer Armor
31:17 Iron Casting
31:42 Ballistics
31:50 Thumb Ring
33:18 Bracer
33:49 Ring Archer Armor
33:12 Elite Plumed Archer
34:36 Crop Rotation
35:10 Two-Man Saw
34:53 Hul'che Javelineers
34:50 Elite Skirmisher
37:00 Chemistry
38:26 Capped Ram
39:58 Conscription
39:06 Onager
41:43 Siege Ram
{WaZzU'P} Recluta4!
10:15 Feudal Age
14:32 Castle Age
13:20 Double-Bit Axe
13:21 Horse Collar
15:37 Bow Saw
16:02 Heavy Plow
20:15 Loom
22:05 Wheelbarrow
21:34 Town Watch
25:34 Hand Cart
28:30 Imperial Age
26:53 Town Patrol
26:59 Scale Barding Armor
27:24 Forging
27:42 Bloodlines
27:41 Husbandry
27:02 Light Cavalry
28:27 Gold Mining
29:08 Chain Barding Armor
30:05 Iron Casting
29:20 Cavalier
29:22 Winged Hussar
30:38 Plate Barding Armor
31:19 Paladin
32:45 Masonry
32:49 Fortified Wall
34:03 Chemistry
33:26 Masonry
37:45 Architecture
37:34 Padded Archer Armor
37:55 Ballistics
40:04 Leather Archer Armor
41:17 Block Printing
43:03 Coinage
43:05 Guilds
45:47 Two-Man Saw
Astromantis
10:59 Feudal Age
9:39 Loom
13:13 Fletching
13:24 Padded Archer Armor
24:28 Castle Age
23:49 Forging
23:40 Scale Mail Armor
23:27 Horse Collar
27:32 Scale Mail Armor
32:07 Husbandry
35:31 Double-Bit Axe
40:07 Bloodlines
40:31 Leather Archer Armor
m00n
0:29 Loom
10:17 Feudal Age
14:16 Castle Age
13:32 Double-Bit Axe
13:28 Horse Collar
26:52 Heavy Plow
28:10 Bow Saw
29:59 Fletching
30:09 Padded Archer Armor
29:35 Pikeman
30:16 Squires
32:07 Wheelbarrow
30:55 Elite Skirmisher
34:42 Imperial Age
33:45 Ballistics
33:58 Forging
33:49 Scale Mail Armor
34:12 Loom
34:43 Hand Cart
34:15 Town Watch
36:41 Halberdier
39:39 Crop Rotation
39:15 Arson
39:28 Bodkin Arrow
40:55 Two-Man Saw
41:35 Chemistry
40:47 Fortified Wall
40:47 Masonry
40:40 Bracer
40:55 Chain Mail Armor
41:16 Iron Casting
46:08 Blast Furnace
45:38 Plate Mail Armor
Sherlock_holmes
11:11 Feudal Age
14:52 Castle Age
13:31 Double-Bit Axe
17:08 Horse Collar
17:40 Bow Saw
21:47 Fletching
23:45 Scale Mail Armor
26:05 Town Watch
28:34 Thumb Ring
27:51 Crossbowman
29:14 Gold Mining
30:47 Bodkin Arrow
Revontheus
10:46 Feudal Age
15:23 Castle Age
13:11 Double-Bit Axe
14:28 Horse Collar
16:42 Bow Saw
17:50 Heavy Plow
25:27 Wheelbarrow
25:45 Stone Mining
25:53 Gold Mining
25:54 Loom
27:18 Fletching
27:28 Padded Archer Armor
27:50 Bloodlines
27:40 Husbandry
30:11 Imperial Age
28:43 Bodkin Arrow
29:03 Leather Archer Armor
30:19 Gold Shaft Mining
30:59 Coinage
30:56 Bracer
31:13 Leather Archer Armor
31:21 Ballistics
31:40 Conscription
31:27 Paiks
32:11 Elite Elephant Archer
33:55 Chemistry
33:06 Masonry
33:08 Fortified Wall
33:26 Scale Mail Armor
33:57 Ring Archer Armor
34:25 Banking
34:43 Hand Cart
34:14 Town Watch
34:16 Pikeman
34:57 Squires
35:55 Guilds
35:20 Halberdier
36:19 Siege Elephant
37:47 Chain Mail Armor
37:43 Forging
37:56 Mahayana
39:03 Scale Barding Armor
39:46 Light Cavalry
42:00 Iron Casting
40:48 Elite Skirmisher
40:58 Elite Battle Elephant
Connection lost

Rejoining the realm…

Still unreachable

The connection could not be restored.

Session expired

The server has moved on; the page needs a fresh start.